 Dungeon Crawl Stone Soup version 0.20.1-1-g8b1a95d (webtiles) character file.

101 slep the Skirmisher (level 4, 0/38 HPs)
             Began as a Demonspawn Wanderer on Oct 27, 2017.
             Slain by a gnoll
             ... wielding a +0 flail of crushing
              (1 damage)
             ... on level 1 of the Dungeon.
             The game lasted 00:07:01 (1632 turns).

slep the Skirmisher (Demonspawn Wanderer)           Turns: 1632, Time: 00:07:02

Health: 0/38       AC:  7    Str: 14    XL:     4   Next: 48%
Magic:  4/4        EV:  8    Int: 12    God:
Gold:   27         SH:  8    Dex: 13    Spells: 3/3 levels left

rFire    . . .     SeeInvis .   e - -1 spear (curse)
rCold    . . .     Gourm    .   a - +0 shield
rNeg     . . .     Faith    .   b - +0 ring mail
rPois    +         Spirit   .   (no helmet)
rElec    .         Reflect  .   (no cloak)
rCorr    .         Harm     .   (no gloves)
MR       .....                  (no boots)
Stlth    +.........             (no amulet)
Regen    0.2/turn               k - ring of poison resistance (curse)
MPRegen  0.1/turn               (no ring)

@: no status effects
A: rugged brown scales 2, spiny 1
a: no special abilities


You were on level 1 of the Dungeon.
You were hungry.

You visited 1 branch of the dungeon, and saw 2 of its levels.

You collected 27 gold pieces.

Inventory:

Hand Weapons
 c - a +0 hand axe
 e - a cursed -1 spear (weapon)
Missiles
 f - a tomahawk (quivered)
Armour
 a - a +0 shield (worn)
 b - a +0 ring mail (worn)
Jewellery
 k - a cursed ring of poison resistance (left hand)
Scrolls
 i - a scroll of amnesia {unknown}
 l - a scroll of blinking {unknown}
Potions
 g - a potion of flight {unknown}
 j - a potion of degeneration {unknown}
 m - a potion of cancellation {unknown}
 n - 2 potions of curing {unknown}
 o - a potion of ambrosia {unknown}
Comestibles
 d - a bread ration
 h - a royal jelly


   Skills:
 + Level 3.7 Fighting
 + Level 1.8(1.9) Axes
 + Level 0.5(1.2) Polearms
 + Level 2.1 Armour
 + Level 0.8 Dodging
 + Level 2.2 Shields
   Level 2.0 Summonings
   Level 1.0 Fire Magic


You had 3 spell levels left.
You didn't know any spells.

Dungeon Overview and Level Annotations

Branches:
Dungeon (2/15)

Altars:
The Shining One


Innate Abilities, Weirdness & Mutations

You are mostly covered in rugged brown scales. (AC +2, +5% HP)
You are partially covered in sharp spines.


Message History

You climb downwards.
The gnoll hits you but does no damage.
There is a stone staircase leading up here.
You hit the gnoll but do no damage. The gnoll hits you with a spear.
The gnoll is struck by your spines. The gnoll barely misses you.
You closely miss the gnoll. The gnoll hits you with a spear.
You block the gnoll's attack.
You hit the gnoll but do no damage. The gnoll hits you but does no damage.
The gnoll hits you with a flail of crushing!
* * * LOW HITPOINT WARNING * * *
x2 You block the gnoll's attack.
The gnoll hits you with a flail of crushing.
* * * LOW HITPOINT WARNING * * *
x2 You block the gnoll's attack.
You climb upwards.
There is a stone staircase leading down here.
You block the gnoll's attack.
There is a stone staircase leading down here.
The gnoll is struck by your spines.
The gnoll hits you with a flail of crushing.
You die...

##'## #........# #####.. ##...##
#.####.#.### ### ##.....##
#..........# ### ##.......##
#...##.#...######.##
##.........###..............#...#
.'.........'.......##.....#......
##.........###.......#....#.#...#
##.......## #..g.....#..#..##.##
##.....## #g>@.....###...####
##).)## ####....###....# ##'##
##..#..#....##### #.#
#..#....#........
#.##########..#.....##.#####
##..........#...........# ###
##...#######.#..########.# #..
####.....######.##.# #.# #.#
...##...###........# #.###.#


You could see 2 gnolls.

Vanquished Creatures
  4 adders (D:2)
  2 gnolls (D:1)
  3 dart slugs (D:1)
  4 leopard geckos (D:1)
  A giant cockroach (D:1)
  7 goblins (D:1)
  3 hobgoblins
  4 jackals (D:1)
  5 kobolds (D:1)
  3 bats
  2 frilled lizards (D:1)
  A rat (D:1)
39 creatures vanquished.

Notes
Turn   | Place    | Note
-------+----------+-------------------------------------------
     0 | D:1      | slep the Demonspawn Wanderer began the quest for the Orb.
     0 | D:1      | slep set off with: a +0 shield, a +0 ring mail, a +0 hand axe, a bread ration
     0 | D:1      | Reached XP level 1. HP: 18/18 MP: 1/1
    71 | D:1      | Gained mutation: You are partially covered in rugged brown scales. (AC +1, +3% HP) [demonic ancestry]
    71 | D:1      | Reached XP level 2. HP: 14/24 MP: 2/2
   551 | D:1      | Gained mutation: You are partially covered in sharp spines. [demonic ancestry]
   551 | D:1      | Reached XP level 3. HP: 23/30 MP: 3/3
  1323 | D:2      | Found a glowing golden altar of the Shining One.
  1325 | D:2      | Noticed an angel
  1350 | D:2      | Gained mutation: You are mostly covered in rugged brown scales. (AC +2, +5% HP) [demonic ancestry]
  1350 | D:2      | Reached XP level 4. HP: 28/38 MP: 4/4
  1629 | D:2      | HP: 1/38 [gnoll/flail of crushing (1)]
  1632 | D:1      | Slain by a gnoll

Skill      XL: |  1  2  3 |
---------------+----------+-----
Shields        | 2 |  2.2
Armour         | 2 |  2.1
Fighting       | |  3.7
Axes           | |  1.8
Polearms       | |  0.5
Dodging        | |  0.8
Summonings     | |  2.0
Fire Magic     | |  1.0

Action                   |  1- 3 |  4- 6 || total
-------------------------+-------+-------++-------
Melee: Hand axe          |    93 |       ||    93
       Spear             |    24 |    25 ||    49
Throw: Tomahawk          |     3 |       ||     3
  Eat: Chunk             |     2 |       ||     2
Armor: Ring mail         |    57 |    12 ||    69
Dodge: Dodged            |    35 |     4 ||    39
Block: Shield            |    47 |    10 ||    57
